 Dungeon Crawl Stone Soup version 0.30-a0-748-ge6a52f7cba (webtiles) character file.

Game seed: 285295492583997509

46 sircluck the Shooter (level 3, 0/18 HPs)
             Began as a Spriggan Hunter on Feb 8, 2023.
             Slain by a hobgoblin (4 damage)
             ... on level 2 of the Dungeon.
             The game lasted 00:02:08 (1085 turns).

sircluck the Shooter (Spriggan Hunter)              Turns: 1085, Time: 00:02:08

Health: 0/18       AC:  2    Str:  7    XL:     3   Next: 46%
Magic:  4/4        EV: 18    Int: 10    God:
Gold:   62         SH:  0    Dex: 20    Spells: 2/2 levels left

rFire   . . .      SeeInvis +    a - +0 shortbow
rCold   . . .      Faith    .    (shield currently unavailable)
rNeg    . . .      Spirit   .    c - +0 robe
rPois   .          Reflect  .    (helmet restricted)
rElec   .          Harm     .    (no cloak)
rCorr   .          Rampage  .    (gloves unavailable)
Will    .....                    (boots unavailable)
Stlth   ++                       (no amulet)
HPRegen 0.23/turn                (no ring)
MPRegen 0.09/turn                (no ring)

@: very quick
A: very small, no large weapons, unfitting armour, see invisible, speed 3
a: no special abilities


You were on level 2 of the Dungeon.
You visited 1 branch of the dungeon, and saw 2 of its levels.

You collected 62 gold pieces.

Inventory:

Hand Weapons
 a - a +0 shortbow (weapon)
Missiles
 n - 3 poisoned darts
Armour
 c - a +0 robe (worn)
 d - a +0 cloak
Jewellery
 g - an amulet of regeneration
 h - a ring of resist corrosion
Scrolls
 b - a scroll of immolation
 e - a scroll of identify {unknown}
 f - a scroll of teleportation {unknown}
Potions
 i - a potion of magic {unknown}
 j - a potion of lignification {unknown}
 k - 3 potions of mutation {unknown}
 l - a potion of curing {unknown}
 m - a potion of flight {unknown}
 o - a potion of might {unknown}
 p - a potion of experience {unknown}


   Skills:
 + Level 1.7 Fighting
 + Level 5.1 Ranged Weapons
 + Level 2.8 Dodging
 + Level 1.5 Stealth


You had 2 spell levels left.
You didn't know any spells.
Your spell library was empty.

Dungeon Overview and Level Annotations

Branches:
Dungeon (2/15)

Altars:


Innate Abilities, Weirdness & Mutations

You are very small and have problems with some larger weapons.
You are too small for most types of armour.
You have supernaturally acute eyesight. (SInv)
You cover ground extremely quickly. (Speed+++)


Message History

Found a ring mail and a pink potion.
Found an escape hatch in the floor.
Found a dagger.
You see here a +0 ring mail.
p - a pink potion No target in view!
There is a stone staircase leading up here.
There is a stone staircase leading up here.
You climb upwards.
There is a stone staircase leading down here.
You see here 7 stones.
There is an open door here.
You enter the shallow water.
Moving in this stuff is going to be slow.
You see here 6 stones.
You enter the shallow water.
Moving in this stuff is going to be slow.
There is an open door, spattered with blood here.
Things that are here:
3 stones; a +0 whip
There is an escape hatch in the floor here.
You slide downwards.
The hatch slams shut behind you.
The hobgoblin shouts!
The adder hisses angrily.
The adder misses you.
Found a scroll labelled WOMYOGREOJ.
You shoot an arrow. The arrow hits the adder!
The adder is heavily wounded.
You hear an angry hiss.
The adder bites you but does no damage. The worm bites you!
The adder closely misses you.
You shoot an arrow. The arrow hits the adder!
You kill the adder!
The worm bites you!
* * * LOW HITPOINT WARNING * * *
You shoot an arrow. The arrow hits the hobgoblin.
The hobgoblin is moderately wounded.
You hear an angry hiss.
A frilled lizard comes into view.
The hobgoblin hits you.
You die...

# ##. ##
.##...##w#
......g@.#
...l######
.


You could see a worm, a hobgoblin and a frilled lizard.

Vanquished Creatures
  An adder (D:2)
  A dart slug (D:1)
  3 ball pythons (D:1)
  4 endoplasms
  2 giant cockroaches (D:1)
  4 kobolds (D:1)
  3 quokkas (D:1)
  5 bats (D:1)
  A frilled lizard (D:1)
  4 goblins (D:1)
  5 rats (D:1)
33 creatures vanquished.

Notes
Turn   | Place    | Note
-------+----------+-------------------------------------------
     0 | D:1      | sircluck the Spriggan Hunter began the quest for the Orb.
     0 | D:1      | Reached XP level 1. HP: 10/10 MP: 2/2
   121 | D:1      | Reached XP level 2. HP: 14/14 MP: 3/3
   331 | D:1      | Reached XP level 3. HP: 18/18 MP: 4/4
   347 | D:1      | Reached skill level 5 in Ranged Weapons
  1085 | D:2      | Slain by a hobgoblin

Illustrated notes

Levels and vault maps discovered:
D:1:      minmay_arrival_shoal_huts, layout_basic
D:2:      layout_rooms, minmay_cut_off

Skill      XL: |  1  2  3 |
---------------+----------+-----
Ranged Weapons | 5 |  5.1
Fighting       | |  1.7
Dodging        | |  2.8
Stealth        | |  1.5

Action                     || total
---------------------------++-------
   Fire: Shortbow          ||    72
 Armour: Robe              ||     7
  Dodge: Dodged            ||    29

Table legend: (Time is in decaauts)
 A = Elapsed time spent in this place.
 B = Non-inter-level travel time spent in this place.
 C = Inter-level travel time spent in this place.
 D = Time resting spent in this place.
 E = Time spent auto-exploring this place.
 F = Levels seen in this place.
 G = Mean time per level.
                   A        B        C        D        E       F      G
               +--------+--------+--------+--------+--------+-----+--------+
         Total |    741 |    484 |    257 |      0 |    331 |   2 |  370.5 |
       Dungeon |    741 |    484 |    257 |      0 |    331 |   2 |  370.5 |
               +--------+--------+--------+--------+--------+-----+--------+

Top non-repeatable levels by time:
     D:1: 686 daAuts
     D:2: 55 daAuts
